 Dungeon Crawl Stone Soup version 0.26.1-11-gd32895ea62 (webtiles) character file.

Game seed: 1733074572731326077

47292 mankey1987 the Spry (level 14, -1/184 HPs)
             Began as an Ogre Berserker on May 30, 2021.
             Was an Elder of Trog.
             Slain by a hornet (6 damage)
             ... on level 6 of the Lair of Beasts.
             The game lasted 00:55:21 (25284 turns).

mankey1987 the Spry (Ogre Berserker)               Turns: 25284, Time: 00:55:22

Health: -1/184     AC: 13    Str: 30 (32) XL:     14   Next: 41%
Magic:  14/14      EV: 23    Int:  9 (10) God:    Trog [****..]
Gold:   603        SH:  5    Dex: 12      Spells: 13/13 levels left

rFire    + . .     SeeInvis .   b - +7 great mace "Igyciupi" {flame, rF- Str+8}
rCold    . . .     Faith    .   (shield currently unavailable)
rNeg     . . .     Spirit   .   N - +4 troll leather armour
rPois    +         Reflect  +   (helmet restricted)
rElec    +         Harm     .   (no cloak)
rCorr    +         Rampage  .   (gloves unavailable)
Will     +++..                  (boots unavailable)
Stlth    ..........             m - amulet of reflection
HPRegen  1.80/turn              M - +4 ring of evasion
MPRegen  0.14/turn              C - ring of fire

@: berserking, resistant, regenerating, slowed
A: large, unfitting armour, iridescent scales 1, slimy green scales 1, clever 1,
tough skin 1
a: Renounce Religion, Berserk, Trog's Hand, Brothers in Arms


You were on level 6 of the Lair of Beasts.
You worshipped Trog.
Trog was greatly pleased with you.
You visited 2 branches of the dungeon, and saw 19 of its levels.

You collected 1112 gold pieces.
You spent 509 gold pieces at shops.

Inventory:

Hand Weapons
 b - the +7 great mace "Igyciupi" (weapon) {flame, rF- Str+8}
   (Trog gifted it to you on level 8 of the Dungeon)

   It has been specially enchanted to burn those struck by it, causing extra
   injury to most foes and up to half again as much damage against particularly
   susceptible opponents.
   It affects your strength (+8).
   It makes you vulnerable to fire.
 r - a cursed +1 vorpal giant spiked club
Armour
 N - a +4 troll leather armour (worn)
Jewellery
 l - an uncursed amulet of faith
 m - an amulet of reflection (around neck)
 x - an uncursed amulet of guardian spirit
 z - an uncursed ring of positive energy
 C - a ring of fire (right hand)
 D - an uncursed ring of protection from cold
 E - an uncursed ring of flight
 M - a +4 ring of evasion (left hand)
Wands
 a - a wand of acid (19)
 e - a wand of paralysis (5)
 j - a wand of enslavement (3)
 y - a wand of random effects (10)
 I - a wand of flame (24)
 K - a wand of disintegration (31)
Scrolls
 c - a scroll of identify
 f - 7 scrolls of remove curse
 g - 4 scrolls of magic mapping
 n - a scroll of brand weapon
 p - a scroll of enchant armour
 u - a scroll of silence
 B - a scroll of fear
Potions
 d - 3 potions of cancellation
 h - 3 potions of flight
 i - 2 potions of berserk rage
 w - a potion of magic
 A - 3 potions of brilliance


   Skills:
 - Level 4.0 Fighting
 * Level 12.5 Maces & Flails
 + Level 18.0 Dodging


You had 13 spell levels left.
You didn't know any spells.
Your spell library was empty.

Dungeon Overview and Level Annotations

Branches:
Dungeon (13/15)            Temple (0/1) D:6            Lair (6/6) D:10
 Shoals (0/4) Lair:4        Snake (0/4) Lair:4        Slime (0/5) Lair:5
    Orc (0/2) D:10
 Vaults: D:13-14

Altars:
Ashenzari
Dithmenos
Elyvilon
Fedhas
Nemelex Xobeh
Qazlal
Uskayaw
Vehumet
Xom

Shops:
D:4 =   D:5 !   D:9 (

Annotations:
Lair:5 exclusion: 2 oklob plants


Innate Abilities, Weirdness & Mutations

You are too large for most types of armour.
You have tough skin. (AC +1)
You are partially covered in iridescent scales. (AC +2)
You are partially covered in slimy green scales. (AC +2)
Your mind is acute. (Int +2)


Message History

* * * LOW HITPOINT WARNING * * *
The hornet stings your ogre!
Your ogre dies!
Your ogre's corpse disappears in a puff of smoke!
Your ogre closely misses the tyrant leech.
The tyrant leech misses you. The hornet barely misses you.
Something barely misses your ogre. You block the hornet's attack.
Your two-headed ogre barely misses the hornet.
Your two-headed ogre completely misses the hornet.
The tyrant leech completely misses you. The hornet misses you.
You closely miss the hornet. The hornet misses you. Something stings your ogre!
Your ogre looks as sick as possible!
Your ogre seems to slow down.
The hornet barely misses you.
The hornet stings the plant!!
The plant begins to die.
Your ogre misses the tyrant leech. The hornet completely misses you.
The hornet closely misses you. Something stings your ogre!
Your ogre dies!
Your ogre's corpse disappears in a puff of smoke!
The hornet stings you.
You die...

##.................#
###.##..<.#.##.....#
# ####.#####^###...#
### ### #### ###.#
#.$.. ##...ยง
#....w## #..y@#
##Oyy# ##yP# .w##
..# ..# .## ##


You could see a tyrant leech, a torpor snail, 4 hornets and a friendly
two-headed ogre (summoned, berserk, slow).

Vanquished Creatures
  Snorg (D:11)
  4 hydras
  2 centaur warriors
  10 death yaks
  A dancing weapon (Lair:5)
  Nergalle (D:10)
  Sonja (Lair:2)
  2 ugly things
  2 manticores
  8 elephants
  2 torpor snails (Lair:2)
  3 black mambas
  A gargoyle (D:11)
  11 cane toads
  6 rime drakes
  8 komodo dragons
  6 polar bears
  A wind drake (Lair:4)
  3 trolls
  22 blink frogs
  2 water elementals (D:11)
  30 yaks
  4 basilisks
  11 water moccasins
  Duvessa (D:4)
  2 black bears
  3 ice beasts (D:9)
  2 phantoms (D:9)
  2 orc warriors
  A sky beast (D:11)
  9 ogres
  11 wolves
  10 centaurs
  An ogre (shapeshifter) (D:10)
  3 big kobolds
  15 bullfrogs
  Dowan (D:4)
  A water moccasin zombie (D:8)
  A scorpion (D:6)
  A water moccasin skeleton (D:8)
  6 killer bees
  10 wights
  5 electric eels
  2 howler monkeys (D:8)
  A bullfrog zombie (D:5)
  3 centaur zombies
  10 orc priests
  6 hounds
  A quasit (D:9)
  3 bullfrog skeletons
  4 jellies
  12 orc wizards
  2 centaur skeletons (D:10)
  Jessica (D:3)
  2 iguanas
  11 worker ants
  11 hell rats
  A bullfrog simulacrum (D:9)
  7 gnolls
  12 adders
  3 shadow imps
  5 white imps
  2 ufetubi
  4 oozes
  3 worms
  4 dart slugs
  4 leopard geckos
  64 orcs
  2 ball pythons
  6 giant cockroaches
  8 goblins
  7 hobgoblins
  18 kobolds
  2 quokkas
  10 bats
  2 frilled lizards
  2 jackal skeletons
  2 leopard gecko zombies
  10 rats
  A fire vortex (Lair:6)
475 creatures vanquished.

Vanquished Creatures (collateral kills)
  The ghost of Bolunijamo the Blocker, a journeyman GnFi of Okawaru (Lair:5)
  The ghost of scottley the Grappler, a novice TrMo (D:9)
  A hornet (Lair:6)
3 creatures vanquished.

Vanquished Creatures (others)
  A kobold (D:10)
  30 fungi
  102 plants
133 creatures vanquished.

Grand Total: 611 creatures vanquished

Notes
Turn   | Place    | Note
-------+----------+-------------------------------------------
     0 | D:1      | mankey1987 the Ogre Berserker began the quest for the Orb.
     0 | D:1      | Reached XP level 1. HP: 24/24 MP: 1/1
     6 | D:1      | Noticed a wyvern
     7 | D:1      | Noticed an anaconda
     7 | D:1      | Noticed a redback
   114 | D:1      | Reached skill level 3 in Dodging
   137 | D:1      | Reached XP level 2. HP: 28/32 MP: 2/2
  1086 | D:1      | Reached XP level 3. HP: 17/39 MP: 3/3
  1511 | D:2      | Reached ** piety under Trog
  1529 | D:2      | Reached skill level 4 in Dodging
  1622 | D:2      | Found a broken altar of Ashenzari.
  1623 | D:2      | Found a white marble altar of Elyvilon.
  1838 | D:2      | Reached XP level 4. HP: 38/48 MP: 4/4
  2163 | D:2      | You fall into a shaft and drop 1 floor!
  2197 | D:3      | Noticed Jessica
  2209 | D:3      | Killed Jessica
  2216 | D:3      | Gained mutation: Armour fits poorly on your strangely
                  | shaped body. [potion of mutation]
  2216 | D:3      | Gained mutation: You are frail. (-10% HP) [potion of
                  | mutation]
  2216 | D:3      | Gained mutation: You are agile. (Dex +2) [potion of
                  | mutation]
  2216 | D:3      | Gained mutation: You are partially covered in iridescent
                  | scales. (AC +2) [potion of mutation]
  2225 | D:3      | Reached skill level 5 in Dodging
  2253 | D:3      | Reached XP level 5. HP: 26/48 MP: 5/5
  3037 | D:4      | Noticed an ogre
  3059 | D:4      | Killed an ogre
  3060 | D:4      | Reached skill level 6 in Dodging
  3060 | D:4      | Reached XP level 6. HP: 31/55 MP: 6/6
  3635 | D:4      | Found Ugrate's Jewellery Shoppe.
  3638 | D:4      | Noticed Dowan
  3639 | D:4      | Noticed Duvessa
  3772 | D:3      | Reached skill level 7 in Dodging
  3772 | D:3      | Reached XP level 7. HP: 58/63 MP: 7/7
  3936 | D:3      | Reached *** piety under Trog
  5052 | D:4      | Killed Duvessa
  5120 | D:4      | Killed Dowan
  5121 | D:4      | Reached skill level 8 in Dodging
  5414 | D:4      | Found a radiant altar of Vehumet.
  6115 | D:5      | Entered Level 5 of the Dungeon
  6180 | D:4      | Reached XP level 8. HP: 63/70 MP: 8/8
  7550 | D:5      | Found Memnuz's Distillery.
  7560 | D:5      | Bought a potion of mutation for 104 gold pieces
  7560 | D:5      | Bought 2 potions of heal wounds for 130 gold pieces
  7560 | D:5      | Lost mutation: You are frail. (-10% HP) [potion of
                  | mutation]
  7560 | D:5      | Lost mutation: You are agile. (Dex +2) [potion of mutation]
  7560 | D:5      | Lost mutation: Armour fits poorly on your strangely shaped
                  | body. [potion of mutation]
  7560 | D:5      | Lost mutation: You are partially covered in iridescent
                  | scales. (AC +2) [potion of mutation]
  7560 | D:5      | Gained mutation: You are partially covered in iridescent
                  | scales. (AC +2) [potion of mutation]
  7560 | D:5      | Gained mutation: You are partially covered in slimy green
                  | scales. (AC +2) [potion of mutation]
  7560 | D:5      | Gained mutation: Your mind is acute. (Int +2) [potion of
                  | mutation]
  7673 | D:5      | Reached skill level 9 in Dodging
  7790 | D:5      | Reached **** piety under Trog
  8647 | D:6      | Found a staircase to the Ecumenical Temple.
  8762 | D:6      | Reached skill level 10 in Dodging
  8909 | D:6      | Found a stormy altar of Qazlal.
  8973 | D:6      | Found a blossoming altar of Fedhas.
  9003 | D:6      | You fall into a shaft and drop 1 floor!
  9090 | D:7      | Reached XP level 9. HP: 73/84 MP: 9/9
  9816 | D:7      | You fall into a shaft and drop 3 floors!
  9816 | D:10     | Entered Level 10 of the Dungeon
  9835 | D:9      | Reached skill level 11 in Dodging
 11145 | D:8      | Reached ***** piety under Trog
 11181 | D:8      | Reached skill level 12 in Dodging
 11660 | D:8      | Noticed a seven-headed hydra
 11673 | D:8      | Killed a seven-headed hydra
 11674 | D:8      | Reached skill level 13 in Dodging
 11674 | D:8      | Reached XP level 10. HP: 92/92 MP: 10/10
 11689 | D:8      | Received a gift from Trog
 11697 | D:8      | Got a dazzling great mace {god gift}
 11698 | D:8      | Identified the +7 great mace "Igyciupi" {flame, rF- Str+8}
                  | (Trog gifted it to you on level 8 of the Dungeon)
 12143 | D:4      | Bought an uncursed ring of fire for 275 gold pieces
 12652 | D:9      | Found Saleetz's Weapon Shoppe.
 13183 | D:9      | Found a shadowy altar of Dithmenos.
 13542 | D:9      | Reached skill level 14 in Dodging
 14553 | D:9      | Found a sparkling altar of Nemelex Xobeh.
 14566 | D:9      | Found a runed translucent door.
 14571 | D:9      | Noticed scottley's ghost (novice TrMo)
 14580 | D:9      | Killed scottley's ghost
 14581 | D:9      | Reached XP level 11. HP: 100/100 MP: 11/11
 14773 | D:9      | Found a hide-covered altar of Uskayaw.
 14986 | D:10     | Found a staircase to the Orcish Mines.
 15062 | D:10     | Noticed a centaur warrior
 15069 | D:10     | Killed a centaur warrior
 15070 | D:10     | Reached skill level 15 in Dodging
 15362 | D:10     | Found a staircase to the Lair.
 15881 | D:11     | Noticed Nergalle
 16082 | D:10     | Killed Nergalle
 16711 | D:11     | You fall into a shaft and drop 2 floors!
 16720 | D:13     | Noticed a purple ugly thing
 16726 | D:13     | Killed a purple ugly thing
 16830 | D:13     | Noticed a centaur warrior
 16863 | D:13     | Killed a centaur warrior
 17007 | D:13     | Reached skill level 16 in Dodging
 17059 | D:13     | Noticed a deep elf mage
 17059 | D:13     | Noticed a deep elf knight
 17092 | D:12     | Noticed a two-headed ogre
 17351 | D:11     | Noticed Snorg
 17365 | D:11     | Killed Snorg
 17767 | D:11     | Noticed a white ugly thing
 17774 | D:11     | Killed a white ugly thing
 17775 | D:11     | Reached XP level 12. HP: 107/107 MP: 12/12
 18208 | Lair:1   | Entered Level 1 of the Lair of Beasts
 18553 | Lair:1   | Reached skill level 5 in Maces & Flails
 19211 | Lair:2   | Noticed a seven-headed hydra
 19211 | Lair:2   | Noticed Sonja
 19242 | Lair:1   | Killed a seven-headed hydra
 19381 | Lair:2   | Killed Sonja
 19529 | Lair:2   | Noticed a death yak
 19553 | Lair:1   | Killed a death yak
 20612 | Lair:3   | Reached skill level 17 in Dodging
 20759 | Lair:3   | Reached XP level 13. HP: 108/114 MP: 13/13
 21092 | Lair:3   | You fall into a shaft and drop 2 floors!
 21225 | Lair:4   | Found a staircase to the Shoals.
 22136 | Lair:4   | Found a staircase to the Snake Pit.
 22473 | Lair:4   | Received a gift from Trog
 22474 | Lair:4   | Reached skill level 10 in Maces & Flails
 23102 | Lair:5   | Found a runed translucent door.
 23102 | Lair:5   | Found a shimmering altar of Xom.
 23102 | Lair:5   | Noticed Bolunijamo's ghost (journeyman GnFi)
 23721 | Lair:4   | Reached XP level 14. HP: 94/123 MP: 14/14
 24174 | Lair:5   | Found a staircase to the Slime Pits.
 24196 | Lair:5   | Killed Bolunijamo's ghost
 24555 | Lair:6   | Entered Level 6 of the Lair of Beasts
 24984 | Lair:5   | HP: 6/123 [black mamba (17)]
 24990 | Lair:5   | HP: 6/123 [black mamba (5)]
 25005 | Lair:5   | Reached skill level 18 in Dodging
 25283 | Lair:6   | HP: 4/184 [hornet (14)]
 25284 | Lair:6   | Slain by a hornet

Illustrated notes

Levels and vault maps discovered:
D:1:      onia_arrival_zoo_common, layout_basic
D:2:      layout_basic, nicolae_overflow_hidden_temple
D:3:      layout_basic, kennysheep_potato, uniq_jessica
D:4:      minmay_chambers_of_twos, layout_basic, kennysheep_little_box,
          serial_shops, nicolae_shop_waterfront, uniq_duvessa
D:5:      layout_rooms, serial_shops, shop
D:6:      layout_rooms, grunt_temple_overflow_forces_of_nature
D:7:      layout_basic
D:8:      layout_basic, hangedman_decor_growths
D:9:      layout_loops_corners, kennysheep_mini_moat, kennysheep_mini,
          ebering_ghost_reflecting_pool, serial_shops, shop, basic_altar,
          serial_ice, serial_ice_h, serial_ice_o, serial_ice_j, serial_ice_m
D:10:     layout_cave_pools, dpeg_oklobed_lair, orc_0_dummy, billiards_dpeg
D:11:     layout_long_grid, serial_bayou_lake_a, uniq_snorg, uniq_nergalle
D:12:     layout_cave_pools, enter_bailey_5,
          nicolae_dithmenos_through_a_glass_darkly
D:13:     layout_loops_corners, hangedman_vaults_entry_quadrant_bands,
          uniq_frances, uniq_urug, uniq_kirke
Lair:1:   layout_hall_layers, serial_bayou_pond_b, lemuel_old_faithful,
          grunt_megastairs_3, lemuel_fruit_fields
Lair:2:   layout_chaotic_city, uniq_sonja
Lair:3:   wad_woods_pond, layout_loops_ring
Lair:4:   layout_gridlike, minmay_shoals_entry_beasts,
          guppyfry_snake_entry_island, eino_small_chamber_without_monster,
          chequers_serial_rivers_small_3
Lair:5:   layout_regular_city, dpeg_slime_entry_corner, ebering_ghost_xom,
          gauntlet_entry_generic, serial_bayou_shore_b,
          minmay_lair_oklob_chamber, infiniplex_staircase_pool_2,
          grunt_megastairs_1, serial_bayou_shore_b
Lair:6:   wormcave, layout_gridlike

Skill      XL: |  1  2  3  4  5  6  7  8  9 10 11 12 13 14 |
---------------+-------------------------------------------+-----
Dodging        | 3 4 5 6 7 8 10 13 14 16 17 18 | 18.0
Maces & Flails | 3 8 11 12 | 12.5
Fighting       | |  4.0

Action                   |  1- 3 |  4- 6 |  7- 9 | 10-12 | 13-15 || total
-------------------------+-------+-------+-------+-------+-------++-------
Melee: Mace              |    93 |   138 |   222 |       |       ||   453
       Morningstar       |       |       |   230 |       |       ||   230
       Flail             |       |       |   142 |    14 |       ||   156
       Great mace        |       |       |       |   470 |   409 ||   879
Invok: Berserk           |     2 |     7 |    14 |    15 |    10 ||    48
       Trog's Hand       |       |       |     1 |     2 |     1 ||     4
       Brothers in Arms  |       |       |       |     1 |     5 ||     6
Evoke: Wand              |       |       |       |    22 |       ||    22
  Use: Potion            |       |     3 |     2 |     4 |    30 ||    39
       Scroll            |       |     8 |    11 |    14 |    14 ||    47
 Stab: Sleeping          |       |     1 |       |       |       ||     1
Armor: Animal skin       |    38 |    38 |    68 |       |       ||   144
       Robe              |       |       |   128 |    63 |       ||   191
       Skin              |       |       |    24 |    41 |       ||    65
       Troll leather arm |       |       |       |   128 |   115 ||   243
Dodge: Dodged            |    83 |   119 |   467 |   647 |   652 ||  1968
Block: Other             |       |       |    51 |   178 |   153 ||   382
       Reflection        |       |       |     3 |    21 |       ||    24
